 Dungeon Crawl Stone Soup version 0.20.1-1-g8b1a95d (webtiles) character file.

194 equalderp2856 the Magician (level 5, 0/24 HPs)
             Began as a Spriggan Wizard on Aug 11, 2017.
             Slain by an orc
             ... wielding a +0 hand axe
              (9 damage)
             ... on level 3 of the Dungeon.
             The game lasted 00:15:13 (6572 turns).

equalderp2856 the Magician (Spriggan Wizard)        Turns: 6572, Time: 00:15:14

Health: 0/24       AC:  3    Str:  3    XL:     5   Next: 44%
Magic:  13/13      EV:  9    Int: 20    God:
Gold:   185        SH:  0    Dex: 15    Spells: 12/13 levels left

rFire    . . .     SeeInvis +   e - +0 hand axe
rCold    . . .     Gourm    .   y - +0 buckler
rNeg     . . .     Faith    .   a - +0 robe
rPois    .         Spirit   .   b - +1 hat
rElec    .         Reflect  .   (no cloak)
rCorr    .         Harm     .   (gloves unavailable)
MR       .....                  (boots unavailable)
Stlth    ++........             (no amulet)
Regen    0.1/turn               (no ring)
MPRegen  0.2/turn               (no ring)

@: held, very quick
A: unfitting armour, see invisible, herbivore 3, speed 3, slow metabolism 2
a: no special abilities


You were on level 3 of the Dungeon.
You were hungry.

You visited 1 branch of the dungeon, and saw 3 of its levels.

You collected 185 gold pieces.

Inventory:

Hand Weapons
 e - a +0 hand axe (weapon)
 q - a +0 hand crossbow
 w - a +1 spear of flaming
Missiles
 n - 103 stones (quivered)
 o - 33 arrows
 t - 4 needles of sleeping
 v - 42 sling bullets
Armour
 a - a +0 robe (worn)
 b - a +1 hat (worn)
 x - a +1 pair of boots
 y - a +0 buckler (worn)
Jewellery
 g - an uncursed amulet of the gourmand
Wands
 p - a wand of paralysis (7/24)
Scrolls
 f - 3 scrolls of enchant armour
 h - 4 scrolls of remove curse
 i - 6 scrolls of teleportation
 j - a scroll of magic mapping {unknown}
 k - a scroll of blinking {unknown}
 m - a scroll of enchant weapon {unknown}
 r - a scroll of fear {unknown}
 A - 2 scrolls of identify
Potions
 l - a potion of haste {unknown}
 s - a potion of flight {unknown}
 u - a potion of ambrosia {unknown}
 z - a potion of lignification {unknown}
 B - a potion of mutation {unknown}
Books
 c - a book of Minor Magic

   Spells                             Type                      Level
   a - Magic Dart                     Conjuration                  1
   b - Blink                          Translocation                2
   c - Call Imp                       Summoning                    2
   d - Slow                           Hexes                        2
   e - Conjure Flame                  Conjuration/Fire             3
   f - Mephitic Cloud                 Conjuration/Poison/Air       3
Comestibles
 d - 2 bread rations


   Skills:
 - Level 0.2 Fighting
 + Level 3.5 Axes
 - Level 3.3 Dodging
 - Level 3.2 Stealth
 - Level 0.4 Unarmed Combat
 - Level 4.8 Spellcasting
 - Level 0.8 Conjurations
   Level 0.7 Summonings
   Level 1.5 Translocations


You had 12 spell levels left.
You knew the following spells:

 Your Spells              Type           Power        Failure   Level  Hunger
a - Magic Dart            Conj           #...         14%         1    None


Dungeon Overview and Level Annotations

Branches:
Dungeon (3/15)

Altars:


Innate Abilities, Weirdness & Mutations

You are very small and have problems with some larger weapons.
You are too small for most types of armour.
You have supernaturally acute eyesight. (SInv)
You are a herbivore.
You cover ground extremely quickly.
You need consume almost no food.


Message History

A goblin comes into view.
You barely miss the orc.
The orc is moderately wounded.
The orc barely misses you.
The goblin shouts!
You hit the orc.
The orc is heavily wounded.
The orc wizard gestures wildly while chanting.
The orc wizard blinks!
The orc hits you with a hand axe.
The goblin throws a throwing net.
The throwing net hits you.
You become entangled in the net!
You struggle against the net.
The orc wizard mumbles some strange words.
The orc wizard blinks!
The orc hits you with a hand axe.
You struggle against the net.
The orc closely misses you.
You struggle against the net.
The goblin barely misses you. The orc closely misses you.
You struggle against the net.
The goblin hits you. The orc hits you with a hand axe!
You die...

...#
#.##..####.....#####.#
##.# #.##..#
#............ ##.#
#.......##..##.#######
...#. ..##.........#.#
..... . ##.#.##...#.###
#..# ..#.##oo.....# #..#
#.#.##o####### ...#
#.#.##o# #..# #.#.##@#
#..########....g.#
............#.##.#
..............##.#######
##.####....>...........#
##.# #...........####.#
##.# #................#
.#.# #########...8....#
...# #..8.8...#


You could see 2 orc wizards, 2 orcs and a goblin.

Vanquished Creatures
  7 gnolls
  4 adders
  An ooze (D:3)
  2 worms
  A dart slug (D:2)
  5 leopard geckos
  An orc (D:3)
  3 ball pythons
  4 giant cockroaches
  9 goblins
  4 hobgoblins
  6 jackals (D:1)
  10 bats
  8 frilled lizards
  4 kobolds
  11 rats
80 creatures vanquished.

Notes
Turn   | Place    | Note
-------+----------+-------------------------------------------
     0 | D:1      | equalderp2856 the Spriggan Wizard began the quest for the Orb.
     0 | D:1      | Reached XP level 1. HP: 9/9 MP: 6/6
   437 | D:1      | Reached XP level 2. HP: 13/13 MP: 0/8
  2013 | D:2      | Reached XP level 3. HP: 14/16 MP: 10/10
  2800 | D:2      | Reached skill level 1 in Axes
  3541 | D:2      | Reached XP level 4. HP: 10/21 MP: 9/11
  5343 | D:3      | Reached XP level 5. HP: 13/24 MP: 0/13
  5862 | D:3      | Found a faded altar of an unknown god.
  6572 | D:3      | Slain by an orc

Skill      XL: |  1  2  3  4  5 |
---------------+----------------+-----
Axes           | 1 2 3 |  3.5
Fighting       | |  0.2
Dodging        | |  3.3
Stealth        | |  3.2
Unarmed Combat | |  0.4
Spellcasting   | |  4.8
Conjurations   | |  0.8
Summonings     | |  0.7
Translocations | |  1.5

Action                   |  1- 3 |  4- 6 || total
-------------------------+-------+-------++-------
Melee: Unarmed           |    93 |       ||    93
       Hand axe          |   154 |   128 ||   282
 Cast: Magic Dart        |    78 |   115 ||   193
  Use: Scroll            |     4 |       ||     4
       Potion            |     2 |       ||     2
 Stab: Sleeping          |     2 |       ||     2
  Eat: Fruit             |       |     1 ||     1
       Royal jelly       |       |     1 ||     1
Armor: Robe              |    34 |    17 ||    51
Dodge: Dodged            |   306 |   125 ||   431
Block: Buckler           |       |    24 ||    24
